AoeStats
← jgmolina20

Arabia

510423312Analyzed
3v3 RM · 2d ago on Sep 30, 2026· 40m 39s· 6 players
Game mode
Random Map
Map size
Normal (6 player)
Population
200
Speed
Normal
Resources
Standard
Victory
Conquest
Starting age
Dark Age
Ending age
Imperial Age
RankedLock teamsTeams togetherTeam positionsShared explorationLock speedFull tech treeHidden civsTurbo modeCheats
Victory
Defeat
🇺🇸 Cumans · United States
897
+20
🇨🇴 Goths · Colombia
876
+21
🇨🇴 Persians · Colombia
816
+23
🇷🇺 Mongols · Russia
1026
-22
🇨🇴 Koreans · Colombia
1000
-74
🇨🇱 Ethiopians · Chile
938
-20
Necropulpectomía
juanda_mantilla
7:18 Loom
13:02 Feudal Age
14:00 Horse Collar
14:10 Double-Bit Axe
14:18 Stone Mining
16:06 Wheelbarrow
17:13 Gold Mining
18:48 Town Watch
Tog Rulgay
8:33 Loom
10:21 Feudal Age
8:36 Loom
15:00 Castle Age
12:52 Double-Bit Axe
20:30 Scale Barding Armor
20:09 Horse Collar
20:49 Forging
21:00 Bloodlines
25:03 Iron Casting
27:27 Bow Saw
31:09 Husbandry
32:56 Stone Mining
32:58 Gold Mining
33:38 Fletching
35:00 Stone Shaft Mining
35:48 Gold Shaft Mining
35:43 Bodkin Arrow
36:53 Wheelbarrow
36:19 Heavy Plow
37:08 Chain Barding Armor
39:19 Padded Archer Armor
39:42 Ballistics
39:34 Masonry
40:12 Thumb Ring
40:32 Hand Cart
rojasfelix253
0:28 Loom
1:58 Loom
10:38 Feudal Age
20:30 Man-at-Arms
26:11 Castle Age
26:17 Double-Bit Axe
28:56 Wheelbarrow
28:32 Scale Barding Armor
28:28 Scale Mail Armor
28:39 Forging
28:27 Fletching
28:37 Padded Archer Armor
28:06 Crossbowman
30:09 Gold Mining
30:32 Thumb Ring
31:33 Scale Mail Armor
31:35 Stone Mining
33:32 Ballistics
33:07 Murder Holes
33:33 Bodkin Arrow
34:56 Capped Ram
35:58 Leather Archer Armor
36:05 Chain Barding Armor
42:31 Imperial Age
Black
8:54 Loom
11:03 Feudal Age
12:37 Wheelbarrow
12:23 Double-Bit Axe
13:31 Horse Collar
14:57 Man-at-Arms
19:23 Scale Mail Armor
20:13 Forging
26:17 Gold Mining
30:52 Fletching
31:02 Padded Archer Armor
40:25 Castle Age
jgmolina20
12:41 Feudal Age
14:49 Bloodlines
15:23 Loom
17:10 Forging
22:50 Double-Bit Axe
23:17 Scale Barding Armor
23:29 Town Watch
28:03 Castle Age
26:40 Wheelbarrow
28:46 Crossbowman
30:14 Husbandry
39:49 Iron Casting
39:58 Kamandaran
40:47 Bow Saw
40:29 Horse Collar
Connection lost

Rejoining the realm…

Still unreachable

The connection could not be restored.

Session expired

The server has moved on; the page needs a fresh start.